 Dungeon Crawl Stone Soup version 0.29.1-1-gd02db6906a (webtiles) character file.

Game seed: 10467446326185657073

46 Dakr the Trooper (level 3, 0/33 HPs)
             Began as a Hill Orc Fighter on Sept 27, 2022.
             Slain by Natasha (5 damage)
             ... on level 2 of the Dungeon.
             The game lasted 00:02:42 (959 turns).

Dakr the Trooper (Hill Orc Fighter)                  Turns: 959, Time: 00:02:42

Health: 0/33       AC:  8    Str: 20    XL:     3   Next: 66%
Magic:  3/3        EV:  9    Int:  8    God:
Gold:   39         SH:  4    Dex: 10    Spells: 2/2 levels left

rFire   . . .      SeeInvis .   a - +0 war axe
rCold   . . .      Faith    .   c - +0 buckler
rNeg    . . .      Spirit   .   b - +0 scale mail
rPois   .          Reflect  .   (no helmet)
rElec   .          Harm     .   e - +0 cloak
rCorr   .          Rampage  .   (no gloves)
Will    .....                   (no boots)
Stlth   ..........              (no amulet)
HPRegen 0.11/turn               (no ring)
MPRegen 0.08/turn               (no ring)

@: slowed, very slow
A: no striking features
a: no special abilities


You were on level 2 of the Dungeon.
You visited 1 branch of the dungeon, and saw 2 of its levels.

You collected 39 gold pieces.

Inventory:

Hand Weapons
 a - a +0 war axe (weapon)
Armour
 b - a +0 scale mail (worn)
 c - a +0 buckler (worn)
 e - a +0 cloak (worn)
Scrolls
 f - a scroll of fog {unknown}
 g - a scroll of identify {unknown}
 h - a scroll of poison {unknown}
Potions
 d - a potion of might
 i - a potion of attraction {unknown}


   Skills:
 + Level 4.1 Fighting
 + Level 3.5 Axes
 + Level 3.8 Armour
 + Level 3.7 Shields


You had 2 spell levels left.
You didn't know any spells.
Your spell library was empty.

Dungeon Overview and Level Annotations

Branches:
Dungeon (2/15)

Altars:

Shops:
D:1 *[

Annotations:
D:2 Natasha


Message History

Natasha, Servant of Life and Death comes into view.
She is carrying a wand of flame (19).
Found a buckler.
Natasha hisses angrily.
Natasha mumbles some strange words.
The shadow imp shouts!
Natasha claws you but does no damage.
You closely miss Natasha.
Natasha zaps a wand.
The puff of flame hits you.
You barely miss Natasha. You slash the shadow imp!
Natasha wildly gestures.
Natasha's front paws start to glow.
Natasha stares at you and mumbles some strange words.
You feel yourself slow down. The shadow imp barely misses you.
You completely miss Natasha. You barely miss the shadow imp.
Natasha stares at you and mumbles some strange words.
You resist with significant effort. The shadow imp gestures at you.
You barely resist. You block Natasha's attack. The shadow imp hits you.
Natasha claws you but does no damage.
You slash Natasha!
You kill Natasha!
Natasha yowls pathetically as she dies!
The shadow imp disappears in a puff of smoke!
You have reached level 3!
Your experience leads to an increase in your attributes!
Increase (S)trength, (I)ntelligence, or (D)exterity?
You feel stronger. x2
Natasha, Servant of Life and Death comes into view.
She is carrying a wand of flame (18).
Natasha is nearby!
Natasha hisses angrily.
Natasha zaps a wand.
The puff of flame hits you.
Natasha zaps a wand.
The puff of flame hits you!
Natasha zaps a wand.
The puff of flame misses you.
You hit Natasha.
Natasha is moderately wounded.
Natasha claws you. x2
* * * LOW HITPOINT WARNING * * *
You barely miss Natasha.
Natasha is moderately wounded.
Natasha claws you.
You die...

#...# #...#
#######...######
................
.....[..........
................
.######...####.#
###...####.
#.@.#......
#h#...#....
#.#<..#.#..
#.#.....# .
#.#.....#
#.#.##..# #....
.... #..#. .....
. . ....


You could see Natasha.

Vanquished Creatures
  Natasha (D:2)
  A dart slug (D:1)
  3 ball pythons (D:1)
  2 endoplasms (D:1)
  2 goblins (D:1)
  3 hobgoblins (D:1)
  2 jackals (D:1)
  A quokka (D:1)
  A kobold (D:1)
  3 rats (D:1)
19 creatures vanquished.

Notes
Turn   | Place    | Note
-------+----------+-------------------------------------------
     0 | D:1      | Dakr the Hill Orc Fighter began the quest for the Orb.
     0 | D:1      | Reached XP level 1. HP: 19/19 MP: 1/1
    30 | D:1      | Found Ceot's General Store.
   100 | D:1      | Reached XP level 2. HP: 25/27 MP: 2/2
   283 | D:1      | Found Qineilez's Armour Shoppe.
   361 | D:1      | Found a faded altar of an unknown god.
   690 | D:1      | Reached skill level 4 in Fighting
   942 | D:2      | Noticed Natasha
   949 | D:2      | Killed Natasha
   950 | D:2      | Reached XP level 3. HP: 22/33 MP: 3/3
   953 | D:2      | Noticed Natasha
   959 | D:2      | Slain by Natasha

Illustrated notes

Levels and vault maps discovered:
D:1:      matt_arrival_grand_opening, layout_basic, serial_shops, shop,
          shop_statue, shapermc_ecumenical_altar_venn,
          amcnicky_mini_corridor_feature, nicolae_titane
D:2:      layout_loops_cross, basic_altar, uniq_natasha, uniq_terence

Skill      XL: |  1  2 |
---------------+-------+-----
Axes           | 3 |  3.5
Fighting       | 4 |  4.1
Armour         | |  3.8
Shields        | |  3.7

Action                   || total
-------------------------++-------
Melee: War axe           ||    42
Armor: Scale mail        ||    19
Dodge: Dodged            ||    14
Block: Buckler           ||     8
